 Dungeon Crawl Stone Soup version 0.29-a0-993-g4a18f31a58 (webtiles) character file.

Game seed: 9808081287181964722

928 Newt the Charlatan (level 7, -18/56 HPs)
             Began as a Pale Draconian Artificer on Aug 2, 2022.
             Was an Initiate of Gozag.
             Demolished by a merfolk
             ... wielding a +0 trident
             ... led by the fury of Okawaru
              (20 damage)
             ... on level 6 of the Dungeon.
             The game lasted 00:14:54 (5937 turns).

Newt the Charlatan (Pale Draconian Artificer)       Turns: 5937, Time: 00:14:55

Health: -18/56     AC:  8    Str: 14    XL:     7   Next: 85%
Magic:  10/10      EV: 12    Int: 14    God:    Gozag
Gold:   191        SH:  6    Dex: 11    Spells: 11/11 levels left

rFire   + . .      SeeInvis .   u - staff of conjuration
rCold   x . .      Faith    .   h - +2 buckler
rNeg    . . .      Spirit   .   (body armour unavailable)
rPois   .          Reflect  .   p - +1 hat
rElec   .          Harm     .   (no cloak)
rCorr   .          Rampage  .   (no gloves)
Will    .....                   j - +0 pair of boots
Stlth   ++........              (no amulet)
HPRegen 0.18/turn               t - ring of flight
MPRegen 0.12/turn               v - ring of fire

@: gold aura, flying
A: breathe steam, AC +6, unfitting armour, cold-blooded, steam resistance
a: Breathe Steam, Renounce Religion, Potion Petition, Call Merchant, Bribe
Branch


You were on level 6 of the Dungeon.
You worshipped Gozag.
Gozag was aware of your devotion.
You visited 2 branches of the dungeon, and saw 7 of its levels.

You collected 347 gold pieces.
You spent 66 gold pieces at shops.
You paid 90 gold pieces to Gozag.

Inventory:

Hand Weapons
 a - a +0 club
Armour
 h - a +2 buckler (worn)
 j - a +0 pair of boots (worn)
 p - a +1 hat (worn)
Magical Staves
 u - a staff of conjuration (weapon)
Jewellery
 t - a ring of flight (left hand)
 v - a ring of fire (right hand)
Wands
 b - a wand of flame (11) (quivered)
 c - a wand of charming (7)
 d - a wand of iceblast (13)
Scrolls
 i - 4 scrolls of identify
 k - 4 scrolls of magic mapping
 q - a scroll of teleportation
 r - 2 scrolls of enchant armour {unknown}
Potions
 e - a potion of lignification
 f - 3 potions of degeneration
 g - 3 potions of curing
 l - 2 potions of heal wounds
 n - 2 potions of might
 s - a potion of brilliance


   Skills:
 + Level 2.8 Fighting
 - Level 2.1(2.9) Maces & Flails
 * Level 2.9(3.3) Staves
 + Level 4.1 Dodging
 - Level 2.1 Stealth
 + Level 2.1 Shields
 * Level 2.5 Spellcasting
 * Level 2.9 Conjurations
 + Level 4.8 Evocations


You had 11 spell levels left.
You didn't know any spells.
Your spell library contained the following spells:

 Spells                   Type           Power      Damage    Failure   Level
 Shock                    Conj/Air       32%        1d5       16%         1
 Slow                     Hex            4%         N/A       30%         1
 Confusing Touch          Hex            1%         N/A       65%         3
 Swiftness                Air            1%         N/A       65%         3
 Vampiric Draining        Necr           1%         2d6       65%         3
 Airstrike                Air            0%         2d(1-17)  96%         4


Dungeon Overview and Level Annotations

Branches:
Dungeon (6/15)             Temple (1/1) D:5

Altars:
Elyvilon
Fedhas
Gozag
Kikubaaqudgha
Nemelex Xobeh
Okawaru
Trog
Vehumet
Zin
The Shining One

Shops:
D:2 ?   D:4 *


Innate Abilities, Weirdness & Mutations

You can breathe blasts of scalding, opaque steam.
Your pale cyan-grey scales are hard. (AC +6)
You cannot fit into any form of body armour.
You are cold-blooded and may be slowed by cold attacks.
You are immune to the effects of steam.


Message History

You hit the necrophage.
The necrophage is severely damaged.
The necrophage hits you.
You hit the necrophage but do no damage.
The necrophage is severely damaged.
The necrophage barely misses you.
You hit the necrophage.
The necrophage is almost destroyed.
The necrophage hits you but does no damage.
You closely miss the necrophage.
The necrophage is almost destroyed.
The necrophage hits you but does no damage.
You hit the necrophage.
Your tail-slap misses the necrophage.
The necrophage is almost destroyed.
The necrophage hits you.
You feel drained.
You hit the necrophage.
You blast the necrophage.
You destroy the necrophage!
Your life force feels restored.
Nemelex Xobeh makes you draw from the deck of Punishment.
You draw a card...
You have drawn Wrath.
Okawaru sends forces against you!
A minotaur, a merfolk impaler and 3 merfolk come into view.
The minotaur is quivering silver javelins.
The merfolk impaler is wielding a +3 trident of distortion.
Hit: u) staff of conjuration
Press: ? - help, Dir - move target, f - you
Okay, then.
Unknown command.
As you read the scroll labelled INARREU VEAJ, it crumbles to dust.
You feel strangely unstable.
It was a scroll of teleportation.
The merfolk shouts! x2
Your surroundings suddenly seem different.
The merfolk hits you with a +0 trident.
The merfolk impaler hits you from afar with a +3 trident of distortion!
* * * LOW HITPOINT WARNING * * *
Space warps horribly around you!
* * * LOW HITPOINT WARNING * * *
The merfolk attacks as you move away!
The merfolk hits you with a +0 trident!!
You die...
Your body crumbles into a pile of gold.

#.....# #.....# #.....#
#.....# #.....# #####
######
#..$..######...###....#
#.####H##...##..........#
#.....mmm...............#
#.....m.@...............#
#...........#############
+...........#............
#..+#######'#............
.... #..........<.......
#^# #..................
#..................
.#..................
........###'########


You could see a minotaur, a merfolk impaler and 3 merfolk.

Vanquished Creatures
  A black bear (D:5)
  An ogre (D:4)
  2 scorpions (D:4)
  2 necrophages
  2 howler monkeys (D:5)
  A hound (D:6)
  3 iguanas (D:5)
  A gnoll (D:3)
  4 adders
  An ufetubus (D:5)
  3 worms
  A dart slug (D:2)
  4 orcs
  3 endoplasms (D:2)
  7 goblins
  A hobgoblin (D:2)
  5 quokkas
  8 ball pythons
  6 bats
  2 frilled lizards
  4 kobolds
  6 rats
68 creatures vanquished.

Vanquished Creatures (collateral kills)
  An ogre (D:5)
  A necrophage (D:4)
  A hound (D:4)
  2 gnolls (D:3)
  A quokka (D:4)
6 creatures vanquished.

Vanquished Creatures (others)
  A scorpion (D:5)
  A gnoll (D:3)
  A fungus (D:2)
  6 plants
9 creatures vanquished.

Grand Total: 83 creatures vanquished

Notes
Turn   | Place    | Note
-------+----------+-------------------------------------------
     0 | D:1      | Newt the Draconian Artificer began the quest for the Orb.
     0 | D:1      | Reached XP level 1. HP: 16/16 MP: 1/1
   438 | D:1      | Reached XP level 2. HP: 23/23 MP: 2/2
   752 | D:2      | Reached skill level 1 in Stealth
  1081 | D:2      | Found Joghec's Magic Scroll Shoppe.
  1106 | D:2      | Bought a scroll of identify for 22 gold pieces
  1106 | D:2      | Bought a scroll of identify for 22 gold pieces
  1106 | D:2      | Bought a scroll of identify for 22 gold pieces
  1240 | D:2      | Reached XP level 3. HP: 13/28 MP: 3/3
  1568 | D:2      | Reached skill level 1 in Maces & Flails
  2037 | D:2      | Found a faded altar of an unknown god.
  2509 | D:3      | Reached XP level 4. HP: 24/35 MP: 4/4
  2774 | D:3      | Found a glowing golden altar of the Shining One.
  3195 | D:4      | Noticed an ogre
  3199 | D:4      | Killed an ogre
  3200 | D:4      | Reached skill level 1 in Shields
  3200 | D:4      | Reached XP level 5. HP: 41/41 MP: 4/6
  3235 | D:4      | Reached skill level 1 in Staves
  3235 | D:4      | Reached skill level 1 in Spellcasting
  3235 | D:4      | Reached skill level 1 in Conjurations
  3547 | D:4      | Reached XP level 6. HP: 28/46 MP: 7/7
  3800 | D:4      | Found a sparkling altar of Nemelex Xobeh.
  3807 | D:4      | Became a worshipper of Nemelex Xobeh the Trickster
  4157 | D:4      | Found Acirr's Assorted Antiques.
  4446 | D:5      | Entered Level 5 of the Dungeon
  4606 | D:5      | Your scales start taking on a pale cyan-grey colour.
  4606 | D:5      | Reached XP level 7. HP: 52/56 MP: 9/9
  4606 | D:5      | Gained mutation: You are immune to the effects of steam.
                  | [Pale Draconian growth]
  4643 | D:5      | Identified the +2 leather armour of the Snake Pit {MP+9
                  | Stlth+}
  5110 | D:5      | Found a staircase to the Ecumenical Temple.
  5124 | D:5      | Found a bloodstained altar of Trog.
  5133 | Temple   | Entered the Ecumenical Temple
  5189 | Temple   | Fell from the grace of Nemelex Xobeh
  5189 | Temple   | Became a worshipper of Gozag Ym Sagoz the Greedy
  5934 | D:6      | Noticed a minotaur
  5934 | D:6      | Noticed a merfolk impaler
  5934 | D:6      | Noticed a merfolk
  5934 | D:6      | Noticed a merfolk
  5934 | D:6      | Noticed a merfolk
  5936 | D:6      | HP: 2/56 [merfolk impaler/+3 trident of distortion[the fury
                  | of Okawaru] (14)]
  5937 | D:6      | Demolished by a merfolk

Illustrated notes

Levels and vault maps discovered:
D:1:      lightli_arrival_maybe_door_vault, layout_basic
D:2:      layout_rooms, serial_shops, shop, shapermc_ecumenical_altar_petra
D:3:      layout_basic, mainiacjoe_overflow_24_doors, nicolae_grassy_gnolls
D:4:      layout_basic, nemelex_spade_bored_becter, serial_shops,
          nicolae_shop_hallway_stairs
D:5:      layout_basic, trog_butcher_becter, temple_fountains,
          minmay_misc_feat_rows
D:6:      layout_gridville, lemuel_tele_altar, minitemple, uniq_sigmund
Temple:   hellmonk_temple_of_storms

Skill      XL: |  1  2  3  4  5  6  7 |
---------------+----------------------+-----
Stealth        | 1 2 |  2.1
Maces & Flails | 1 2 |  2.1
Dodging        | 3 4 |  4.1
Shields        | 1 2 |  2.1
Fighting       | 2 |  2.8
Staves         | 1 2 |  2.9
Spellcasting   | 1 2 |  2.5
Conjurations   | 1 2 |  2.9
Evocations     | 4 |  4.8

Action                   |  1- 3 |  4- 6 |  7- 9 || total
-------------------------+-------+-------+-------++-------
Melee: Club              |   160 |    31 |       ||   191
       Tailslap          |    17 |    10 |    25 ||    52
       Staff             |       |    81 |   111 ||   192
 Abil: Breathe Steam     |       |       |     1 ||     1
Evoke: Wand              |    10 |    22 |     1 ||    33
  Use: Scroll            |     4 |     4 |     3 ||    11
 Stab: Sleeping          |     1 |     3 |     3 ||     7
Armor: Skin              |    60 |    42 |    30 ||   132
Dodge: Dodged            |   119 |    61 |    50 ||   230
Block: Buckler           |    30 |    24 |    23 ||    77

Table legend: (Time is in decaauts)
 A = Elapsed time spent in this place.
 B = Non-inter-level travel time spent in this place.
 C = Inter-level travel time spent in this place.
 D = Time resting spent in this place.
 E = Time spent auto-exploring this place.
 F = Levels seen in this place.
 G = Mean time per level.
                   A        B        C        D        E       F      G
               +--------+--------+--------+--------+--------+-----+--------+
         Total |   6017 |   5817 |    200 |   1665 |   3086 |   7 |  859.6 |
       Dungeon |   5953 |   5753 |    200 |   1665 |   3086 |   6 |  992.2 |
        Temple |     63 |     63 |      0 |      0 |      0 |   1 |   63.0 |
               +--------+--------+--------+--------+--------+-----+--------+

Top non-repeatable levels by time:
     D:2: 1711 daAuts
     D:5: 1362 daAuts
     D:4: 1342 daAuts
     D:3: 817 daAuts
     D:1: 642 daAuts
     D:6: 77 daAuts
  Temple: 63 daAuts
